 Dungeon Crawl Stone Soup version 0.30-a0-782-ge64f9170bb (webtiles) character file.

Game seed: 10806989205690253887

44 ryw the Trooper (level 3, -1/30 HPs)
             Began as a Demonspawn Monk on Feb 18, 2023.
             Slain by a worm (3 damage)
             ... on level 2 of the Dungeon.
             The game lasted 00:01:25 (914 turns).

ryw the Trooper (Demonspawn Monk)                    Turns: 914, Time: 00:01:26

Health: -1/30      AC:  2    Str: 11    XL:     3   Next: 39%
Magic:  3/3        EV: 13    Int: 11    God:
Gold:   68         SH:  0    Dex: 17    Spells: 2/2 levels left

rFire   . . .      SeeInvis .      - Unarmed
rCold   . . .      Faith    .    (no shield)
rNeg    + . .      Spirit   .    a - +0 robe
rPois   .          Reflect  .    (helmet restricted)
rElec   .          Harm     .    (no cloak)
rCorr   .          Rampage  .    (no gloves)
Will    .....                    (no boots)
Stlth   ++                       (no amulet)
HPRegen 0.25/turn                f - ring of positive energy
MPRegen 0.08/turn                (no ring)

@: no status effects
A: antennae 1, powered by pain 1
a: no special abilities


You were on level 2 of the Dungeon.
You visited 1 branch of the dungeon, and saw 2 of its levels.

You collected 68 gold pieces.

Inventory:

Armour
 a - a +0 robe (worn)
Jewellery
 f - a ring of positive energy (left hand)
Scrolls
 c - a scroll of blinking {unknown}
 d - a scroll of immolation {unknown}
Potions
 b - a potion of ambrosia
 e - a potion of cancellation {unknown}
 g - a potion of lignification {unknown}
 h - a potion of resistance {unknown}


   Skills:
 + Level 3.8 Fighting
 + Level 3.4 Dodging
 - Level 1.7 Stealth
 - Level 2.6 Unarmed Combat


You had 2 spell levels left.
You didn't know any spells.
Your spell library contained the following spells:

 Spells                   Type           Power      Damage    Failure   Level
 Kiss of Death            Conj/Necr      0%         2d5       34%         1
 Confusing Touch          Hex            0%         N/A       71%         3
 Dispel Undead            Necr           0%         3d6       98%         4


Dungeon Overview and Level Annotations

Branches:
Dungeon (2/15)

Altars:


Innate Abilities, Weirdness & Mutations

You have a pair of small antennae on your head.
You sometimes gain a little power by taking damage.


Message History

You hit the hobgoblin but do no damage.
You punch the hobgoblin, but do no damage.
The hobgoblin hits you.
You are too injured to fight recklessly!
You are too injured to fight recklessly!
You are too injured to fight recklessly!
You are too injured to fight recklessly!
You are too injured to fight recklessly!
You are too injured to fight recklessly!
You are too injured to fight recklessly!
You hit the hobgoblin.
The hobgoblin is heavily wounded.
The hobgoblin hits you.
You hit the hobgoblin.
The hobgoblin is heavily wounded.
You hit the hobgoblin.
You punch the hobgoblin, but do no damage.
The hobgoblin is severely wounded.
The hobgoblin hits you.
You hit the hobgoblin.
You kill the hobgoblin!
The worm bites you.
* * * LOW HITPOINT WARNING * * *
Things that are here:
a jackal corpse; a jackal corpse You hit the worm.
The worm is lightly wounded.
You hit the worm.
The worm is moderately wounded.
The worm bites you!
* * * LOW HITPOINT WARNING * * *
You hit the worm.
The worm is heavily wounded.
The worm barely misses you.
You hit the worm.
The worm is heavily wounded.
You hit the worm.
The worm is severely wounded.
The worm bites you.
You die...

..# ..# ..# ##############
..#################............#
..'...............'............+
..#################............#
..# #............## ###
###########............?.
$.......@w.....#######...
##############.# .h #... ###..#
.... .... ..#. # .# #


You could see a worm.

Vanquished Creatures
  2 dart slugs
  3 ball pythons
  3 endoplasms
  A giant cockroach (D:2)
  3 goblins
  8 hobgoblins
  4 jackals (D:2)
  2 quokkas (D:1)
  3 bats (D:1)
  A frilled lizard (D:1)
  4 rats (D:1)
34 creatures vanquished.

Notes
Turn   | Place    | Note
-------+----------+-------------------------------------------
     0 | D:1      | ryw the Demonspawn Monk began the quest for the Orb.
     0 | D:1      | Reached XP level 1. HP: 18/18 MP: 1/1
   132 | D:1      | Discovered your monstrous ancestry.
   132 | D:1      | Gained mutation: You have a pair of small antennae on your
                  | head. [demonic ancestry]
   132 | D:1      | Reached XP level 2. HP: 17/24 MP: 2/2
   679 | D:2      | Gained mutation: You sometimes gain a little power by
                  | taking damage. [demonic ancestry]
   679 | D:2      | Reached XP level 3. HP: 29/29 MP: 3/3
   911 | D:2      | HP: 1/30 [worm (8)]
   914 | D:2      | Slain by a worm

Illustrated notes

Levels and vault maps discovered:
D:1:      enne_arrival_octagon_isle, layout_rooms
D:2:      layout_basic

Skill      XL: |  1 |
---------------+----+-----
Dodging        | 3 |  3.4
Fighting       | |  3.8
Stealth        | |  1.7
Unarmed Combat | |  2.6

Action                     || total
---------------------------++-------
  Melee: Unarmed           ||   152
         Punch             ||     6
   Stab: Sleeping          ||     3
         Distracted        ||     1
 Armour: Robe              ||    27
  Dodge: Dodged            ||    96

Table legend: (Time is in decaauts)
 A = Elapsed time spent in this place.
 B = Non-inter-level travel time spent in this place.
 C = Inter-level travel time spent in this place.
 D = Time resting spent in this place.
 E = Time spent auto-exploring this place.
 F = Levels seen in this place.
 G = Mean time per level.
                   A        B        C        D        E       F      G
               +--------+--------+--------+--------+--------+-----+--------+
         Total |    906 |    877 |     29 |    124 |    482 |   2 |  453.0 |
       Dungeon |    906 |    877 |     29 |    124 |    482 |   2 |  453.0 |
               +--------+--------+--------+--------+--------+-----+--------+

Top non-repeatable levels by time:
     D:1: 593 daAuts
     D:2: 313 daAuts
